 Dungeon Crawl Stone Soup version 0.30-a0-808-g6e0788376e (webtiles) character file.

Game seed: 8533989393870878661

23439 dolemite99 the Thaumaturge (level 13, -16/90 HPs)
             Began as a Djinni Summoner on Feb 27, 2023.
             Was a Believer of Hepliaklqana.
             Demolished by Rupert
             ... wielding a +2 battleaxe of draining
              (30 damage)
             ... on level 12 of the Dungeon.
             The game lasted 00:34:17 (23025 turns).

dolemite99 the Thaumaturge (Djinni Summoner)       Turns: 23025, Time: 00:34:18

Health: -16/90     AC: 11    Str:  7    XL:     13   Next: 35%
Gold:   1175       EV: 14    Int: 27    God:    Hepliaklqana [**....] SH:  5 Dex: 15

rFire   + + .      SeeInvis .    a - +0 sling (heavy)
rCold   . . .      Faith    .    u - +0 buckler
rNeg    . . .      Spirit   .    y - +3 leather armour {rC+}
rPois   ∞          Reflect  .    t - +2 hat
rElec   .          Harm     .    o - +2 cloak
rCorr   +          Rampage  .    (no gloves)
Will    +....                    (boots unavailable)
Stlth   ++                       (no amulet)
HPRegen 0.35/turn                k - ring of resist corrosion
MPRegen 0.00/turn                G - +6 ring of intelligence

@: about to teleport, flying, hasted, very quick
A: reduced essence, sickness immunity, fire resistance 2, cold vulnerability 1,
float, innate caster, HP casting, extra vitality 1
a: Renounce Religion, Recall Ancestor, Ancestor Identity


You were on level 12 of the Dungeon.
You worshipped Hepliaklqana.
Hepliaklqana was pleased with you.
You visited 2 branches of the dungeon, and saw 13 of its levels.

You collected 1457 gold pieces.
You spent 282 gold pieces at shops.

Inventory:

Hand Weapons
 a - a +0 heavy sling (weapon)
 b - a +4 dagger of venom
Missiles
 c - 2 throwing nets
 l - 32 poisoned darts
 m - 11 boomerangs
 r - 4 javelins
Armour
 o - a +2 cloak (worn)
 t - a +2 hat (worn)
 u - a +0 buckler (worn)
 w - a +0 robe of willpower
 x - +0 acid dragon scales
 y - a +3 leather armour of cold resistance (worn)
 z - the +1 scale mail of the Transparent God {rCorr Int+3}
   (You found it on level 6 of the Dungeon)

   Int:       It affects your intelligence (+3).
   rCorr:     It protects you from acid and corrosion.
Jewellery
 k - a ring of resist corrosion (left hand)
 G - a +6 ring of intelligence (right hand)
Wands
 e - a wand of roots (11)
 A - a wand of light (7)
 E - a wand of digging (11)
 L - a wand of flame (10)
Scrolls
 h - a scroll of brand weapon
 v - 4 scrolls of noise
 B - a scroll of fog
 C - 2 scrolls of magic mapping
 I - 2 scrolls of teleportation
Potions
 d - 2 potions of berserk rage {unknown}
 f - 5 potions of curing
 i - a potion of magic
 j - a potion of flight
 p - 3 potions of attraction
 q - a potion of might
 s - 2 potions of invisibility
 D - a potion of resistance {unknown}
 H - a potion of brilliance
 J - a potion of cancellation {unknown}
 N - 3 potions of lignification {unknown}
Miscellaneous
 F - a phial of floods (inert)


   Skills:
 - Level 11.8 Fighting
 * Level 8.1 Dodging
 - Level 1.5 Stealth
 - Level 4.5 Shields
 + Level 12.2 Spellcasting
 - Level 3.0 Invocations
 - Level 4.0 Evocations


You knew the following spells:

 Your Spells              Type           Power      Damage    Failure   Level
a - Summon Small Mammal   Summ           100%       N/A       1%          1
b - Call Imp              Summ           70%        N/A       1%          2
c - Call Canine Familiar  Summ           70%        N/A       1%          3
d - Summon Guardian Gole  Hex/Summ       70%        N/A       1%          3
e - Summon Lightning Spi  Summ/Air       70%        N/A       1%          4
f - Freeze                Ice            100%       1d10      1%          1
g - Wereblood             Tmut           70%        N/A       1%          2
h - Vhi's Electric Charg  Tloc/Air       100%       N/A       1%          3
i - Tukima's Dance        Hex            70%        N/A       1%          3
j - Anguish               Hex/Necr       35%        N/A       1%          4
k - Silence               Hex/Air        35%        N/A       1%          5
Your spell library was empty.

Dungeon Overview and Level Annotations

Branches:
Dungeon (12/15)            Temple (1/1) D:7            Lair (0/5) D:10
    Orc (0/2) D:10

Altars:
Ashenzari
Cheibriados
Dithmenos
Elyvilon
Fedhas
Gozag
Hepliaklqana
Makhleb
Nemelex Xobeh
Okawaru
Qazlal
Ru
Trog
Uskayaw
Wu Jian
Xom
Yredelemnul
Zin
The Shining One

Shops:
D:5 [   D:6 [

Annotations:
D:12 Rupert


Innate Abilities, Weirdness & Mutations

Your life essence is reduced to manifest your ancestor. (-10% HP)
You are immune to sickness and miasma.
You are immune to poison.
Your flesh is very heat resistant. (rF++)
You are vulnerable to cold. (rC-)
You float through the air rather than walking.
You learn spells naturally, not from books.
Your magical power is your life essence.
You have superior vitality. (+4 MHP)


Message History

A metallic apparition takes form in the air.
Your white imp disappears in a puff of smoke!
Rupert hits your guardian golem with a +2 battleaxe of draining!!
Your guardian golem is destroyed!
Your guardian golem disappears in a puff of smoke!
Rupert barely misses your warg.
Your warg bites Rupert.
Rupert closely misses your warg.
Your warg bites Rupert!
Rupert hits your warg with a +2 battleaxe of draining!!
Casting: Call Imp (safe; 1% risk of failure)
Confirm with . or Enter, or press ? or * to list all spells.
Your warg bites Rupert!
Rupert hits your warg with a +2 battleaxe of draining!!
Your warg dies!
Your warg's corpse disappears in a puff of smoke!
Rupert hits your iron imp with a +2 battleaxe of draining!
Rupert shouts!
Your iron imp hits Rupert!
Rupert hits you with a +2 battleaxe of draining!!
Rupert closely misses your quokka.
Rupert hits your iron imp with a +2 battleaxe of draining!
Your iron imp dies!
Your iron imp disappears in a puff of smoke!
Rupert attacks as you move away!
Rupert hits you with a +2 battleaxe of draining!
Rupert barely misses your quokka.
Your quokka bites Rupert but does no damage.
As you read the scroll of teleportation, it crumbles to dust.
You feel strangely unstable. You block Rupert's attack.
Rupert barely misses your quokka.
Your quokka bites Rupert but does no damage.
Rupert hits you with a +2 battleaxe of draining!!
Rupert hits your quokka with a +2 battleaxe of draining!
Your quokka dies!
Your quokka's corpse disappears in a puff of smoke!
You feel yourself speed up.
Rupert hits you with a +2 battleaxe of draining!
* * * LOW HITPOINT WARNING * * *
Rupert attacks as you move away!
Rupert hits you with a +2 battleaxe of draining!!
You die...

##.....## .......#
#......# #......#
..######....#.#
..............#
....####....#.# .
..####@#.##.#
#......@....#
#.####.#.##.#######
#....#........
#(<#...#######
##...#.#########
##.##.........#
##.##.#####.#.# #..
#.# #.#.# #.# #.#
#.#.#


You could see Rupert (berserk).

Vanquished Creatures
  An ugly thing (D:12)
  A centaur skeleton (D:11)
  A yak (D:10)
  An orc warrior (D:7)
  A bullfrog (D:8)
  A scorpion (D:4)
  A hound (D:5)
  2 orc priests
  2 iguanas
  2 gnolls (D:2)
  An adder (D:5)
  An ufetubus (D:4)
  A worm (D:4)
  7 orcs
  A bat (D:3)
  A giant cockroach (D:3)
  5 goblins (D:4)
  A hobgoblin (D:3)
  2 jackals
  A kobold (D:6)
  2 quokkas
  3 ball pythons
  A rat (D:2)
40 creatures vanquished.

Vanquished Creatures (collateral kills)
  Erolcha (D:10)
  A boulder beetle (D:11)
  A two-headed ogre (D:10)
  A skeletal warrior (D:11)
  A deep elf pyromancer (D:12)
  A cyclops (D:11)
  An ugly thing (D:12)
  2 manticores (D:12)
  Maurice (D:11)
  9 centaur zombies (D:11)
  4 centaur skeletons (D:11)
  An unseen horror (D:11)
  A komodo dragon (D:10)
  A troll (D:11)
  4 slime creatures (D:12)
  4 flying skulls (D:11)
  2 shadows (D:11)
  2 wyverns
  A vampire (D:9)
  5 wraiths
  25 yaks
  3 steam dragons
  2 black bears (D:7)
  2 ice beasts
  2 orc warriors
  5 centaurs
  A phantom (D:7)
  3 kobold brigands
  2 bullfrogs
  2 necrophages
  4 scorpions
  7 wights
  11 killer bees (D:9)
  A lava snake (D:9)
  A hound (D:3)
  4 jellies
  7 orc priests
  Terence (D:2)
  Jessica (D:2)
  20 orc wizards
  Ijyb (D:4)
  An iguana (D:4)
  A boggart skeleton (D:11)
  Robin (D:4)
  2 gnolls (D:2)
  4 adders
  A shadow imp (D:5)
  An ufetubus (D:6)
  A dart slug (D:5)
  39 orcs
  4 endoplasms
  A giant cockroach (D:3)
  12 goblins
  10 hobgoblins
  6 jackals
  3 quokkas
  4 ball pythons
  2 bats (D:1)
  2 frilled lizards
  21 kobolds
  4 rats
269 creatures vanquished.

Vanquished Creatures (others)
  Josephine (D:11)
  Maggie (D:8)
  A centaur skeleton (D:11)
  A troll (D:9)
  A meliai zombie (D:11)
  A slime creature (D:12)
  A wraith (D:11)
  An orc warrior (D:9)
  A black bear (D:6)
  A centaur (D:11)
  A bullfrog (D:6)
  2 wights (D:7)
  An ancestor (D:8)
  7 battlemagi
  2 orc wizards
  A gnoll (D:5)
24 creatures vanquished.

Grand Total: 333 creatures vanquished

Notes
Turn   | Place    | Note
-------+----------+-------------------------------------------
     0 | D:1      | dolemite99 the Djinni Summoner began the quest for the Orb.
     0 | D:1      | dolemite99 set off with the following spells memorised:
                  | Summon Small Mammal, Call Imp, Call Canine Familiar, Summon
                  | Guardian Golem, Summon Lightning Spire.
     0 | D:1      | Reached XP level 1. HP: 15/15 MP: 0/0
   181 | D:1      | Reached XP level 2. HP: 18/22 MP: 0/0
   555 | D:1      | Reached skill level 1 in Fighting
   871 | D:2      | Reached XP level 3. HP: 26/27 MP: 0/0
   871 | D:2      | Learned a level 1 spell: Freeze
   899 | D:2      | Reached skill level 4 in Spellcasting
   899 | D:2      | Reached XP level 4. HP: 13/33 MP: 0/0
  1346 | D:2      | Found a faded altar of an unknown god.
  1352 | D:2      | Noticed Jessica
  1770 | D:2      | Killed Jessica
  1771 | D:2      | Reached XP level 5. HP: 20/38 MP: 0/0
  1771 | D:2      | Learned a level 2 spell: Wereblood
  2066 | D:2      | Noticed Terence
  2075 | D:2      | Killed Terence
  2664 | D:3      | You are sucked into a shaft and drop 2 floors!
  2664 | D:5      | Entered Level 5 of the Dungeon
  2721 | D:5      | Reached XP level 6. HP: 30/45 MP: 0/0
  3080 | D:5      | Found Tiom Evy's Armour Boutique.
  3316 | D:5      | Found an iron altar of Okawaru.
  3590 | D:3      | Reached skill level 5 in Spellcasting
  4630 | D:4      | Reached XP level 7. HP: 11/50 MP: 0/0
  4630 | D:4      | Learned a level 3 spell: Vhi's Electric Charge
  4650 | D:4      | Noticed Robin
  4665 | D:4      | Killed Robin
  5613 | D:4      | Noticed Ijyb
  5627 | D:4      | Killed Ijyb
  6144 | D:4      | Identified a scroll of acquirement
  6144 | D:4      | Acquired 766 gold pieces
  6175 | D:4      | Reached skill level 6 in Spellcasting
  6335 | D:5      | Bought a +2 leather armour of cold resistance for 228 gold
                  | pieces
  6535 | D:5      | Reached XP level 8. HP: 21/58 MP: 0/0
  8068 | D:5      | Reached skill level 5 in Fighting
  8308 | D:6      | Identified the +1 scale mail of the Transparent God {rCorr
                  | Int+3}
  8923 | D:6      | Reached skill level 7 in Spellcasting
  9120 | D:6      | Reached XP level 9. HP: 8/66 MP: 0/0
  9120 | D:6      | Learned a level 3 spell: Tukima's Dance
  9533 | D:6      | Found Hoimm's Armour Boutique.
 10866 | D:7      | Reached skill level 8 in Spellcasting
 11242 | D:7      | Found a staircase to the Ecumenical Temple.
 11252 | Temple   | Entered the Ecumenical Temple
 11452 | Temple   | Became a worshipper of Hepliaklqana the Forgotten
 12956 | D:7      | Reached XP level 10. HP: 65/75 MP: 0/0
 13001 | D:7      | Reached skill level 9 in Spellcasting
 13152 | D:5      | Bought a +0 buckler for 54 gold pieces
 13730 | D:8      | Reached * piety under Hepliaklqana
 13984 | D:8      | Noticed Maggie
 14002 | D:8      | Reached skill level 1 in Shields
 14014 | D:8      | Killed Maggie
 16188 | D:9      | Reached ** piety under Hepliaklqana
 16189 | D:9      | Remembered your ancestor Mira as a battlemage
 16199 | D:9      | Reached skill level 1 in Evocations
 16757 | D:9      | Reached skill level 1 in Invocations
 17104 | D:9      | Reached XP level 11. HP: 59/72 MP: 0/0
 17104 | D:9      | Learned a level 4 spell: Anguish
 17561 | D:10     | Entered Level 10 of the Dungeon
 17640 | D:10     | Noticed Erolcha
 17652 | D:10     | Killed Erolcha
 17907 | D:10     | Found a shimmering altar of Xom.
 18045 | D:10     | Reached skill level 10 in Spellcasting
 18282 | D:10     | Found a staircase to the Lair.
 18343 | D:10     | Found a staircase to the Orcish Mines.
 18361 | D:10     | Noticed a two-headed ogre
 18367 | D:10     | Killed a two-headed ogre
 18884 | D:10     | Found an ornate altar of the Wu Jian Council.
 18884 | D:10     | Found a basalt altar of Yredelemnul.
 18884 | D:10     | Found a shadowy altar of Dithmenos.
 18884 | D:10     | Found a snail-covered altar of Cheibriados.
 19037 | D:11     | Reached skill level 10 in Fighting
 19128 | D:11     | Killed Maurice
 19305 | D:11     | Reached XP level 12. HP: 54/82 MP: 0/0
 19816 | D:11     | Noticed a boulder beetle
 19990 | D:11     | Killed a boulder beetle
 20253 | D:11     | Reached skill level 11 in Spellcasting
 20275 | D:11     | Noticed a skeletal warrior
 20301 | D:11     | Killed a skeletal warrior
 20676 | D:11     | HP: 1/85 [themself] (5)]
 20690 | D:11     | Noticed Josephine
 20736 | D:11     | Killed Josephine
 21167 | D:11     | Found a sparkling altar of Nemelex Xobeh.
 21180 | D:11     | Reached skill level 5 in Dodging
 21272 | D:11     | Reached XP level 13. HP: 86/90 MP: 0/0
 21272 | D:11     | Learned a level 5 spell: Silence
 22202 | D:12     | Reached skill level 12 in Spellcasting
 23009 | D:12     | Noticed Rupert
 23025 | D:12     | Demolished by Rupert

Illustrated notes

Levels and vault maps discovered:
D:1:      psy_arrival_statuary, layout_basic, nrook_mini_backslash,
          minmay_pentomino_u2
D:2:      layout_basic, hellmonk_ecumenical_altar_blasted, uniq_jessica,
          uniq_terence
D:3:      layout_rooms
D:4:      kennysheep_the_goblin_king, layout_basic, uniq_robin, uniq_ijyb
D:5:      minmay_angry_zag, layout_basic, lemuel_tele_altar, serial_shops, shop,
          kennysheep_generic_room_10
D:6:      layout_basic, serial_shops, shop_statue
D:7:      layout_loops_cross, minmay_temple_entry_poolview, enter_ossuary_2,
          minivault_19
D:8:      layout_gridville, uniq_maggie
D:9:      layout_irregular_city, kennysheep_opposing_triangles
D:10:     layout_roguey, xom_teletrap_fun,
          chequers_temple_overflow_statue_of_worship, lair_entry_dummy,
          orc_0_dummy, uniq_erolcha
D:11:     hangedman_screamer, layout_loops_ring,
          nemelex_xobeh_ov_fountains_minmay, uniq_maurice
D:12:     layout_loops_ring, uniq_rupert
Temple:   eino_temple_scatter_basement

Skill      XL: |  1  2  3  4  5  6  7  8  9 10 11 12 13 |
---------------+----------------------------------------+-----
Fighting       | 1 2 3 4 5 7 10 11 | 11.8
Spellcasting   | 4 5 6 7 8 9 10 11 12 | 12.2
Shields        | 4 |  4.5
Evocations     | 4 |  4.0
Invocations    | 2 3 |  3.0
Dodging        | 5 8 |  8.1
Stealth        | |  1.5

Action                     |  1- 3 |  4- 6 |  7- 9 | 10-12 | 13-15 || total
---------------------------+-------+-------+-------+-------+-------++-------
  Melee: Dagger            |    11 |    23 |    14 |       |       ||    48
         Sling             |       |     1 |     2 |       |       ||     3
   Fire: Sling             |       |    29 |    28 |    37 |    13 ||   107
   Cast: Summon Small Mamm |    18 |    22 |    38 |    46 |    10 ||   134
         Call Imp          |    10 |    16 |    35 |    40 |    10 ||   111
         Call Canine Famil |     1 |    17 |    45 |    33 |    11 ||   107
         Freeze            |     1 |     1 |     8 |     4 |     1 ||    15
         Summon Guardian G |       |     6 |    37 |    38 |    11 ||    92
         Summon Lightning  |       |       |     8 |    21 |     5 ||    34
         Vhi's Electric Ch |       |       |     3 |       |       ||     3
 Invoke: Recall Ancestor   |       |       |       |     5 |     5 ||    10
         Ancestor Life: Ba |       |       |       |     1 |       ||     1
  Evoke: Phial of floods   |       |       |       |     1 |     1 ||     2
         Wand              |       |       |       |     1 |       ||     1
    Use: Scroll            |       |     9 |     9 |    12 |     2 ||    32
         Potion            |       |       |     9 |     2 |     1 ||    12
 Armour: Robe              |    14 |    22 |    21 |       |       ||    57
         Leather armour    |       |       |    54 |    39 |    16 ||   109
  Dodge: Dodged            |    41 |    84 |    84 |    53 |    35 ||   297
  Block: Buckler           |       |       |       |    24 |    10 ||    34

Table legend: (Time is in decaauts)
 A = Elapsed time spent in this place.
 B = Non-inter-level travel time spent in this place.
 C = Inter-level travel time spent in this place.
 D = Time resting spent in this place.
 E = Time spent auto-exploring this place.
 F = Levels seen in this place.
 G = Mean time per level.
                   A        B        C        D        E       F      G
               +--------+--------+--------+--------+--------+-----+--------+
         Total |  23132 |  22396 |    736 |  11533 |   6841 |  13 | 1779.4 |
       Dungeon |  22923 |  22205 |    718 |  11533 |   6669 |  12 | 1910.2 |
        Temple |    209 |    191 |     18 |      0 |    172 |   1 |  209.0 |
               +--------+--------+--------+--------+--------+-----+--------+

Top non-repeatable levels by time:
     D:5: 3041 daAuts
    D:11: 2977 daAuts
     D:9: 2702 daAuts
     D:6: 2459 daAuts
     D:4: 2111 daAuts
     D:7: 1955 daAuts
     D:8: 1638 daAuts
    D:10: 1633 daAuts
     D:2: 1470 daAuts
     D:3: 1202 daAuts
    D:12: 868 daAuts
     D:1: 861 daAuts
  Temple: 209 daAuts
